 Dungeon Crawl Stone Soup version 0.19.5 (webtiles) character file.

1159 Gargoyl the Skirmisher (level 8, -3/68 (69) HPs)
             Began as a Ghoul Abyssal Knight on Apr 24, 2017.
             Was a Priest of Lugonu.
             Slain by an ogre
             ... wielding a +0 giant club
              (20 damage)
             ... on level 6 of the Dungeon.
             The game lasted 00:11:52 (6229 turns).

Gargoyl the Skirmisher (Ghoul Abyssal Knight)       Turns: 6229, Time: 00:11:52

HP:   -3/68 (69)    AC: 14    Str: 16    XL:     8   Next: 39%
MP:   10/10         EV:  7    Int:  7    God:    Lugonu [***...]
Gold: 341           SH:  3    Dex: 10    Spells: 0 memorised, 7 levels left

rFire  . . .     SeeInvis .     v - +0 war axe
rCold  + . .     Gourm    .     u - +0 chain mail
rNeg   + + +     Faith    .     m - +0 buckler
rPois  ∞         Spirit   .     s - +0 helmet
rElec  .         Reflect  .     d - +1 cloak
rCorr  .         Harm     .     j - +0 pair of gloves
MR     .....                    (no boots)
Stlth  ..........               (no amulet)
                                (no ring)
                                e - ring of stealth

@: very slightly contaminated, rotting
A: rotting body, claws 1, carnivore 3, cold resistance 1, negative energy
resistance 3, slow regeneration 1, torment resistance, unbreathing
a: Depart the Abyss, Bend Space, Banish, Renounce Religion


You were on level 6 of the Dungeon.
You worshipped Lugonu.
Lugonu was most pleased with you.
You were not hungry.

You visited 1 branch of the dungeon, and saw 6 of its levels.
You visited the Abyss 1 time.

You collected 341 gold pieces.

Inventory:

Hand Weapons
 a - a +1 hand axe
 v - a +0 war axe (weapon)
Missiles
 g - 7 steel javelins (quivered)
Armour
 d - a +1 cloak (worn)
 j - a +0 pair of gloves (worn)
 m - a +0 buckler (worn)
 s - a +0 helmet (worn)
 u - a +0 chain mail (worn)
Jewellery
 e - a ring of stealth (left hand)
Wands
 x - a wand of iceblast (8/15)
Scrolls
 k - a scroll of magic mapping
 n - 11 scrolls of identify
 q - a scroll of fear
 r - 2 scrolls of teleportation
Potions
 f - a potion of cancellation
 h - a potion of heal wounds
 i - 2 potions of curing
 o - a potion of might {unknown}
 p - 2 potions of brilliance {unknown}
 z - a potion of cure mutation {unknown}
Books
 t - a book of Necromancy

   Spells                             Type                      Level
   a - Pain                           Necromancy                   1
   b - Animate Skeleton               Necromancy                   1
   c - Vampiric Draining              Necromancy                   3
   d - Regeneration                   Charms/Necromancy            3
   e - Animate Dead                   Necromancy                   4
   f - Control Undead                 Necromancy                   4
Comestibles
 b - a slice of pizza
 c - 3 meat rations
 l - 2 royal jellies


   Skills:
 + Level 5.4 Fighting
 + Level 5.3 Axes
 * Level 4.7 Armour
 + Level 2.0 Dodging
 + Level 1.3 Shields
 * Level 4.4 Invocations


You had 7 spell levels left.
You didn't know any spells.

Dungeon Overview and Level Annotations

Branches:
Dungeon (6/15)
 Temple: D:4-7

Altars:
Qazlal
Ru
Xom


Innate Abilities, Weirdness & Mutations

Your body is rotting away.
You thrive on raw meat.
You are immune to poison.
You have sharp fingernails.
You are carnivorous and can eat meat at any time.
Your flesh is cold resistant. (rC+)
You are immune to negative energy. (rN+++)
You regenerate slowly when monsters are visible.
You are immune to unholy pain and torment.
You can survive without breathing.


Message History

The worker ant is heavily wounded.
The worker ant bites you but does no damage. x2
You slash the worker ant!
You kill the worker ant!
Lugonu accepts your kill.
You hit the ogre.
The ogre is lightly wounded.
The ogre hits you with a giant club!
You barely miss the ogre.
The ogre is lightly wounded.
The ogre hits you with a giant club!!
You slash the ogre!
The ogre is heavily wounded.
The ogre hits you with a giant club!!
* * * LOW HITPOINT WARNING * * *
Unknown command.
You barely miss the ogre.
The ogre is heavily wounded.
The ogre hits you with a giant club!!
You die...

#.##.# #.##.# #.##.# ###
#.##.##### ##.#
####......... #
..####.##....##### ...
#.#...........<...
##...##.##.#.##.........
......O@...#.##<...####.
........##.#..#...##
.......?#.....#......
.#.#..............#### #
#...(........#..
#...............#
#...#............ ....
......###..##


You could see an ogre.

Vanquished Creatures
  An ice beast (D:5)
  An ogre (D:5)
  3 scorpions
  A small abomination (Abyss:2)
  2 howler monkeys (D:5)
  A centaur zombie (D:5)
  A quasit (D:5)
  A bullfrog zombie (D:5)
  A hound (D:5)
  5 orc priests
  2 worker ants
  2 iguanas (D:4)
  2 orc wizards
  10 adders
  A shadow imp (D:5)
  2 oozes (D:4)
  3 worms
  A dart slug (D:1)
  3 leopard geckos
  22 orcs
  6 giant cockroaches
  11 goblins
  7 hobgoblins
  5 jackals
  4 quokkas
  4 ball pythons
  4 bats
  A frilled lizard (D:3)
  10 kobolds
  11 rats
128 creatures vanquished.

Vanquished Creatures (others)
  An ogre (D:5)
1 creature vanquished.

Grand Total: 129 creatures vanquished

Notes
Turn   | Place    | Note
-------+----------+-------------------------------------------
     0 | Abyss:1  | Gargoyl the Ghoul Abyssal Knight began the quest for the Orb.
     0 | Abyss:1  | Reached XP level 1. HP: 19/19 MP: 1/1
    51 | Abyss:1  | Noticed a raiju
   114 | Abyss:2  | Noticed a small abomination
   118 | Abyss:2  | Killed a small abomination
   118 | Abyss:2  | Reached skill level 1 in Dodging
   118 | Abyss:2  | Reached XP level 2. HP: 26/26 MP: 2/2
   118 | Abyss:2  | Reached XP level 3. HP: 32/32 MP: 3/3
   132 | Abyss:2  | Noticed a raiju
   133 | D:1      | Escaped the Abyss
   333 | D:1      | Reached XP level 4. HP: 41/41 MP: 4/4
   389 | D:1      | Reached * piety under Lugonu
  1753 | D:2      | Reached XP level 5. HP: 44/47 MP: 6/6
  2276 | D:3      | Reached ** piety under Lugonu
  3128 | D:3      | Reached XP level 6. HP: 53/53 MP: 7/7
  3755 | D:4      | Found a stormy altar of Qazlal.
  3825 | D:4      | Found a sacrificial altar of Ru.
  3844 | D:4      | Reached *** piety under Lugonu
  4235 | D:4      | Reached skill level 5 in Fighting
  4235 | D:4      | Reached XP level 7. HP: 36/61 MP: 8/8
  4865 | D:5      | Entered Level 5 of the Dungeon
  5046 | D:5      | Reached skill level 1 in Shields
  5236 | D:5      | Reached XP level 8. HP: 12/68 MP: 8/10
  5459 | D:5      | Reached skill level 5 in Axes
  5908 | D:5      | Found a shimmering altar of Xom.
  6229 | D:6      | Slain by an ogre

Skill      XL: |  1  2  3  4  5  6  7  8 |
---------------+-------------------------+-----
Fighting       | 4 5 |  5.4
Axes           | 2 3 4 5 |  5.3
Armour         | 2 3 4 |  4.7
Dodging        | 1 2 |  2.0
Invocations    | 3 4 |  4.4
Shields        | 1 |  1.3

Action                   |  1- 3 |  4- 6 |  7- 9 || total
-------------------------+-------+-------+-------++-------
Melee: Hand axe          |    24 |   426 |   178 ||   628
       War axe           |       |       |    79 ||    79
Throw: Javelin           |       |       |     3 ||     3
Invok: Depart the Abyss  |     1 |       |       ||     1
       Bend Space        |       |     1 |     1 ||     2
       Banish            |       |       |     1 ||     1
Evoke: Wand              |     5 |       |       ||     5
  Use: Scroll            |     1 |     9 |     2 ||    12
       Potion            |       |    11 |     1 ||    12
 Stab: Sleeping          |       |     2 |       ||     2
  Eat: Chunk             |     5 |    65 |    21 ||    91
Armor: Leather armour    |     6 |    32 |       ||    38
       Ring mail         |       |    75 |       ||    75
       Scale mail        |       |    81 |    23 ||   104
       Chain mail        |       |       |   126 ||   126
Dodge: Dodged            |    15 |   258 |    76 ||   349
Block: Buckler           |       |    58 |    32 ||    90
